[Event "Maharashtra Challenge Matches 2023"]
[Site "Nagpur"]
[Date "2023.06.05"]
[Round "9.1"]
[White "Vidit, Santosh Gujrathi"]
[Black "Svidler, Peter"]
[Result "1/2-1/2"]
[Annotator "TA"]
[ECO "A41"]
[WhiteElo "2712"]
[BlackElo "2683"]
[PlyCount "133"]
[EventDate "2023.06.03"]
[EventType "match"]
[EventCountry "IND"]
[SourceTitle "playchess.com"]
[Source "ChessBase"]
[SourceQuality "1"]
[TimeControl "180+2"]

1. d4 d6 2. Nf3 Bg4 3. e4 Nf6 4. Nc3 e6 5. h3 Bh5 6. g4 Bg6 7. Qe2 c6 8. h4 h5 9. g5 Nfd7 10. Bh3 Be7 {[%emt 0:00:04] A41: 1 d4 d6: Tartakower System and Modern Defence.} 11. Bf4 (11. Be3 d5 12. Nd2 Na6 13. O-O Nb4 14. Rac1 dxe4 15. Ncxe4 Nd5 16. c4 Nxe3 17. Qxe3 O-O 18. f4 Bf5 19. Bg2 Re8 {1-0 Vidit,S (2726)-Svidler,P (2723) Pepe Cuenca Invitational 2020 (1.8)}) 11... O-O 12. O-O d5 {[%emt 0:00:01] White is slightly better.} 13. a3 {[%emt 0:00:15] [#]} Na6 $146 ({Predecessor:} 13... Re8 14. Rfe1 a6 15. Bg3 b5 16. Nd2 Qb6 17. f4 dxe4 18. Bf2 Qc7 19. Ncxe4 Nf8 {1-0 Okhai,S (2088)-Mossong,H (2132) BCF-chT3Sb 1617 (4NCL) 2016 (5.73)}) 14. Rfe1 Re8 15. Rad1 Nc7 16. Bg3 a6 17. Nd2 Nb5 18. Nxb5 axb5 19. Bg2 Nb6 20. Bf3 Nc4 (20... Na4 $11 {remains equal.}) 21. Nxc4 $16 (21. Bxh5 Bxh5 22. Qxh5 Nxb2 $15) 21... bxc4 22. exd5 (22. Bxh5 Bxe4 23. Bf3 Bf5 $11) 22... exd5 23. Bxh5 Bf8 24. Qf3 Bxh5 25. Qxh5 Rxe1+ 26. Rxe1 Qd7 {[%emt 0:00:03] Black is weak on the dark squares} 27. Qf3 (27. g6 {feels hotter.} fxg6 28. Qxg6 Qf7 29. Qg4) 27... Re8 28. Re5 (28. Be5 $16) 28... Rxe5 $14 29. Bxe5 {[%emt 0:00:01][%mdl 4096] Endgame KQB-KQB} Qe6 30. Kg2 c5 31. c3 b5 (31... cxd4 $14 32. Bxd4 (32. cxd4 g6 $16) 32... Bd6) 32. Qh3 $16 Qg6 33. Qg4 $1 Qc2 (33... f6 $16 {was necessary.}) 34. h5 $1 $18 {[%emt 0:00:06] Threatens to win with g6.} (34. dxc5 Bxc5 35. Qc8+ Kh7) 34... cxd4 (34... Qxb2 $2 35. dxc5 Bxc5 36. Qc8+ Bf8 37. Bd6 $18) 35. Bxd4 {[%emt 0:00:03] g6 is the strong threat.} (35. Qxd4 $6 Qf5 $16) 35... Qxb2 {[%emt 0:00:01] [#]} 36. g6 $1 {[%emt 0:00:06] White wants to mate with Qd7.} Qxa3 $2 (36... Qb1 37. gxf7+ Kxf7) 37. Qf5 $2 (37. gxf7+ $18 {and the rest is easy.} Kxf7 38. Qf5+ Kg8 39. Qxd5+ Kh8 40. Qxb5) 37... Qe7 $16 38. Qxd5 {[%emt 0:00:01] White is much more active.} Qe6 39. Qxe6 (39. Qxb5 $6 Qg4+ 40. Kf1 Qd1+ 41. Kg2 Qg4+ 42. Kf1 Qd1+ 43. Kg2 Qg4+ $11) 39... fxe6 {[%emt 0:00:01] KB-KB} 40. Kf3 b4 $2 (40... Be7 $16 41. Ke4 Kf8) 41. cxb4 Bxb4 42. Ke4 Be7 43. Bc3 Bc5 44. f3 Kf8 45. Bd4 $2 (45. f4 Ba3 46. Kd4 Bd6 47. Bd2 c3 48. Kxc3 (48. Bxc3 Bxf4 49. Kc5 Bh2 $18) 48... Bc7 49. Kc4 Bb8 50. Kb5) 45... Bb4 $2 (45... Bxd4 $11 46. Kxd4 e5+ 47. Kc3 (47. Kxc4 Ke7 $11) (47. Kxe5 c3) 47... Ke8) 46. Be5 Bc5 47. Bc3 Bb6 48. f4 Bc5 49. Bd2 Ke7 {[%emt 0:00:02] [#]} 50. Bc3 (50. Ke5 $142 $1 Bd6+ 51. Kd4 c3 52. Kxc3 (52. Bxc3 Bxf4 53. Ke4 {[%mdl 64] Discovered Attack} Bh6 $18) 52... e5 53. Kd3 exf4 54. Bc3 Kf8 55. Ke4) 50... Kf8 $18 51. Bb2 $2 (51. Be5 $18 {Black must now prevent Bc3.} Bb6 52. Bc3) 51... Bb6 $2 (51... Bb4 $16) 52. Ba3+ Ke8 53. Bb4 (53. h6 $142 gxh6 54. Ke5 Kd7 55. g7 Kc6 56. g8=Q c3 57. Qxe6+ Kc7 58. Kd5) 53... Bc7 54. f5 $2 (54. Bd2 $18 {is the precise move to win. aiming for Kd4.} Ke7 55. Bc3) 54... exf5+ $16 55. Kxf5 {[%emt 0:00:01][%cal Oh5h6] Intending h6! and mate.} Bd8 $2 (55... Bb6 $16) 56. Ke6 $2 (56. h6 $1 {mates} Bf6 57. h7 Kd8 58. h8=Q+ Kc7 59. Ke6 c3 60. Qa8 Kb6 61. Qa5+ Kb7 62. Qb5+ Ka7 63. Bc5+ Ka8 64. Qa6+ Kb8 65. Bd6#) 56... Bg5 57. Kd5 Kd7 58. Bc3 $1 (58. Kxc4 $6 Ke6 $11) 58... Bh6 59. Bd4 Ke7 60. Be5 ({Don't do} 60. Kxc4 $6 Kf8 61. Bc5+ Ke8 $18) 60... Kd7 61. Bc3 ({Don't play} 61. Kxc4 $6 Ke7 62. Kd5 Kf8 $18) 61... Ke7 62. Bb2 Kd7 63. Ba1 Ke7 64. Bd4 Kd7 65. Kxc4 {[%emt 0:00:04] White is clearly better.} Ke6 66. Kd3 Kf5 67. Ba1 {Weighted Error Value: White=0.68/Black=0.67} ({Not} 67. Be3 Kg4 $11) 1/2-1/2

[Event "Maharashtra Challenge Matches 2023"]
[Site "Nagpur"]
[Date "2023.06.05"]
[Round "9.1"]
[White "Short, Nigel D"]
[Black "Sadhwani, Raunak"]
[Result "0-1"]
[Annotator "TA"]
[ECO "B08"]
[WhiteElo "2597"]
[BlackElo "2627"]
[PlyCount "124"]
[EventDate "2023.06.03"]
[EventType "match"]
[EventCountry "IND"]
[SourceTitle "playchess.com"]
[Source "ChessBase"]
[SourceQuality "1"]
[TimeControl "180+2"]

1. d4 Nf6 2. Nf3 g6 3. Nc3 Bg7 4. e4 d6 5. Be2 O-O 6. O-O Nc6 7. Be3 (7. d5 $5 Ne5 8. Nxe5 dxe5 9. Bg5 $14) 7... a6 {[%emt 0:00:11] B08: Pirc Defence: Classical System.} 8. a4 (8. d5 $5 Ne5 9. Nxe5 dxe5 10. Qd2 $14) 8... Re8 $5 {[%emt 0:00:13][%mdl 4] [#] Exploring less charted territory.} 9. a5 $146 ({Predecessor:} 9. h3 e5 10. d5 Nd4 11. Nxd4 exd4 12. Bxd4 Nxe4 13. Bxg7 Kxg7 14. Nxe4 Rxe4 15. Bf3 Rf4 {½-½ Araujo Sanchez,J (2264)-Galperin,P (2518) Titled Tuesday intern op 15 Mar Late blitz 2022 (2)}) 9... Ng4 {[%emt 0:00:12] The position is equal.} 10. Bg5 h6 11. Bh4 g5 12. Bg3 e5 13. d5 Nd4 14. Nd2 Nxe2+ 15. Qxe2 f5 16. exf5 Bxf5 17. Nce4 Nf6 18. c4 Bg6 19. Nxf6+ Qxf6 20. Ne4 Qf5 21. f3 g4 22. Rae1 h5 23. b4 (23. c5 {feels hotter.} gxf3 24. Qc4 Qd7 25. Rxf3 Qb5 26. Qxb5 axb5 27. cxd6 Bxe4 28. Rxe4 cxd6 29. Be1) 23... Rf8 24. c5 gxf3 25. gxf3 Qd7 (25... Rad8 $11) 26. Qc4 ({White should try} 26. Kh1 $14) 26... Qe7 (26... Bh6 $5 ) 27. h4 Bh6 {[%emt 0:00:05] Repels Ng5} 28. Re2 (28. Rf2 $15) 28... Kh7 ({Better is} 28... Rf7 $17 {Black wants to play ...Raf8.} 29. Rg2 Kh7) 29. Rc2 (29. f4 $1 $11) 29... Rf7 $1 $17 30. Kh1 (30. Rg2 $142) 30... Raf8 31. Qd3 $2 (31. Qe2 $17 {might work better.}) 31... Bf4 $19 {[%emt 0:00:07] And now ...Bxg3 would win.} 32. Be1 Qd7 33. Rg2 $2 (33. Kg2) 33... Rg7 $2 (33... Qh3+ 34. Kg1 Rg7) 34. Kg1 $2 (34. Rff2) 34... Qh3 35. Bg3 Kh8 (35... Bxe4 $142 36. Qxe4+ Kg8 37. Kf2 Bxg3+ 38. Rxg3 Rxg3 39. Ke2 Rf4 40. Qd3 Rd4 41. Qe3 Rxb4 42. Rf2 Rb2+ 43. Kd3 Rb3+ 44. Kd2 Rxe3 45. Kxe3 Qxh4 46. Ke2 Qd4 47. Rh2 Rg1 48. cxd6 cxd6 49. f4 exf4 50. Rh3 Rg2+ 51. Kf3 Rf2#) 36. Rff2 Bxe4 (36... Bxg3 $142 37. Qd2 Bxe4 38. Qh6+ Kg8 39. Qe6+ Qxe6 40. dxe6 Bxf2+ 41. Kxf2 Rxf3+ 42. Kg1 Rxg2+ 43. Kxg2 Bd5 44. Kh2 e4 45. cxd6 cxd6 46. e7 Kf7 47. e8=R Kxe8 48. b5 e3 49. bxa6 bxa6 50. Kg2 e2 51. Kg1 e1=Q+ 52. Kh2 Qg3+ 53. Kh1 Rf8#) 37. fxe4 Rfg8 (37... Rxg3 38. Rxg3 Bxg3 39. Rxf8+ Kg7 40. Qf3 Qh2+ 41. Kf1 Qh3+ 42. Ke2 Qh2+ 43. Kf1 Qh3+ 44. Qg2 Qxg2+ 45. Kxg2 Kxf8 46. c6 bxc6 47. Kxg3 $18) 38. Qf3 Rg4 (38... Rxg3 $2 39. Qxh5+ Kg7 40. Rxg3+ Qxg3+ 41. Rg2 $18) 39. Kf1 Bxg3 $2 (39... Rxg3 $19 40. Qxh5+ Kg7) 40. Qf6+ $11 Kh7 41. Qf7+ Kh6 42. Rf6+ {[%emt 0:00:04][%mdl 8192] [#]} (42. Qe6+ $11 R8g6 43. Qc8 Qh1+ 44. Rg1 Qxg1+ 45. Kxg1 Bxh4+ 46. Kh1 Bxf2 47. Qf8+ Kg5 48. Qf5+ Kh6 49. Qf8+ Kg5 50. Qf5+ Kh6 51. Qf8+) 42... R4g6 $1 $19 43. Rxg6+ Rxg6 44. Qf8+ {[%emt 0:00:01] [#]} Rg7 $1 45. Qh8+ Kg6 {[%emt 0:00:04] ( -> ...Qh1+)} 46. Qe8+ Rf7+ 47. Kg1 Qg4 (47... Kg7 $142 48. Qe6 Qxh4 49. Qxf7+ Kxf7 50. c6 Qg4 51. Rf2+ Bxf2+ 52. Kxf2 bxc6 53. Ke3 h4 54. Kd3 h3 55. Kd2 Qf3 56. dxc6 h2 57. Kc2 h1=Q 58. Kb2 Qh2+ 59. Kc1 Qfh1#) 48. Qe6+ Rf6 $2 (48... Qxe6 $19 49. dxe6 Rf3) 49. Qxg4+ (49. Qg8+ $11 Kh6 50. Rxg3 Qd1+ 51. Kh2 Rf2+ 52. Rg2 Rxg2+ 53. Qxg2) 49... hxg4 $15 50. Rxg3 $11 {[%emt 0:00:03][%mdl 4096] Endgame KR-KR} Kh5 (50... Rf4 $17 51. b5 Kh5 52. bxa6 bxa6 53. cxd6 cxd6) 51. Rc3 $1 Rf4 52. c6 $2 (52. cxd6 $11 {and White has nothing to worry.} cxd6 53. Rc7) 52... bxc6 $19 ({Don't take} 52... Rxe4 53. b5 (53. cxb7 Rxb4 54. Rxc7 Kxh4 $17) 53... bxc6 54. b6 $18 (54. bxa6 $2 Ra4 $19)) 53. Rxc6 Rxe4 ({Inferior is} 53... Kxh4 54. Rxc7 Rxe4 55. Rc6 $17) 54. Rxa6 $2 (54. Rxc7 Kxh4 55. Rd7) 54... Rxb4 55. Rb6 Ra4 (55... cxb6 $142 56. a6 Ra4 57. Kg2 Kxh4 58. Kg1 g3 59. Kf1 Ra1+ 60. Ke2 g2 61. Kd2 g1=Q 62. Kc3 Qd4+ 63. Kb3 Qd3+ 64. Kb4 Rb1+ 65. Ka4 Qxa6#) 56. Rc6 Rxa5 57. Rxc7 Rxd5 58. Rh7+ Kg6 59. Rh8 Rd3 60. Kg2 e4 61. Rd8 Kh7 {[%emt 0:00:01] Hoping for ...d5.} 62. Rxd6 Kg7 $2 {[%emt 0:00:02][%mdl 32768] An exciting game.   Weighted Error Value: White=1.26/Black=0.67. Sensor Board Error (Ke4/e5)?} (62... Rxd6 {mates} 63. Kg3 e3 64. h5 Re6 65. Kh4 e2 66. Kxg4 e1=Q 67. Kf3 Re3+ 68. Kg4 Qg3+ 69. Kf5 Re5+ {[%mdl 64] Skewer} 70. Kf6 Qg7#) 0-1

[Event "Maharashtra Challenge Matches 2023"]
[Site "Nagpur"]
[Date "2023.06.05"]
[Round "10.1"]
[White "Svidler, Peter"]
[Black "Vidit, Santosh Gujrathi"]
[Result "1-0"]
[Annotator "TA"]
[ECO "A30"]
[WhiteElo "2683"]
[BlackElo "2712"]
[PlyCount "74"]
[EventDate "2023.06.03"]
[EventType "match"]
[EventCountry "IND"]
[SourceTitle "playchess.com"]
[Source "ChessBase"]
[SourceQuality "1"]
[TimeControl "180+2"]

1. c4 c5 2. Nf3 Nf6 3. g3 Nc6 4. Bg2 d5 5. cxd5 Nxd5 6. Nc3 Nc7 7. a3 $1 {[%emt 0:00:01][%mdl 4] is currently scoring better than 7.0-0.} g6 8. h4 {[%emt 0:00:01] A34: Symmetrical English: 2 Nc3, lines with ...d5.} Bg4 {[%emt 0:00:02] [#]} 9. Ne4 $146 ({Predecessor:} 9. Na4 c4 10. Nc5 Bg7 11. O-O Qc8 12. d4 cxd3 13. Qxd3 O-O 14. Be3 Ne6 15. Nxe6 Bxe6 {½-½ Gukesh,D (2732)-Narayanan,S (2660) Sharjah Masters 6th 2023 (3)}) 9... e5 ({Black should play} 9... c4 $11) 10. d3 $1 $14 {[%emt 0:00:06] White is slightly better.} (10. Qb3 Bxf3 11. Qxf3 (11. Bxf3 Nd4 $17) 11... f5 $15) 10... h6 {[%emt 0:00:43] Against Bg5} 11. Be3 Na6 12. Qa4 Bd7 13. Qb3 {[%emt 0:00:00] White has more active pieces.} (13. Rc1 $16) 13... f5 14. Nc3 Nc7 15. Rc1 (15. Qxb7 $2 Rb8 $19) 15... Rb8 (15... b6 $11 {was preferrable.}) 16. Nd5 b6 (16... Nxd5 $1 $11 17. Qxd5 Qf6) 17. Nxc7+ $16 Qxc7 18. Qc4 (18. Qa2 $14) 18... Qd6 $11 19. Bd2 a5 20. Bc3 (20. Be3 $11) 20... Bg7 (20... b5 $5 21. Qa2 Be6 $15) 21. Nd2 Be6 {[%emt 0:00:05] Inhibits Qd5.} (21... b5 $1 $15 22. Qa2 Be6) 22. Qa4 b5 {[%emt 0:00:02] Prevents Nc4} 23. Qc2 (23. Qd1 $1 $15) 23... b4 $17 24. Qa4 Rb6 (24... Kd7 $15 25. axb4 axb4) 25. axb4 axb4 26. Bxb4 cxb4 (26... Rxb4 $11 {keeps the balance.} 27. Qxc6+ (27. Bxc6+ Kf8 $11) 27... Qxc6 28. Bxc6+ Ke7) 27. Bxc6+ $16 (27. Rxc6 $6 Rxc6 28. Nc4 (28. Bxc6+ Ke7 $14) (28. Qxc6+ Qxc6 29. Bxc6+ Ke7 $15) 28... Qc5 29. Bxc6+ (29. Qxc6+ Qxc6 30. Bxc6+ Ke7 $11) 29... Ke7 $14) 27... Kd8 $2 {[%emt 0:00:03][%mdl 8192] Loses the game.} (27... Kf8 $16 {might work better.}) 28. O-O $18 e4 29. Qa5 Bd4 30. e3 (30. dxe4 Qxg3+ 31. Kh1 Qxh4+ 32. Kg2 Qg5+ 33. Kh1 fxe4 34. Qa8+ Ke7 35. Qa7+ Kf8 36. Bxe4 Rb5 37. Qa8+ (37. Qxd4 $2 {is the wrong capture.} Qh4+ 38. Kg1 Rg5+ 39. Bg2 Qxd4 $19) 37... Kg7 38. Rc7+ Bf7 39. Rxf7+ Kxf7 $19) 30... Bxe3 31. Kg2 (31. fxe3 Qxg3+ 32. Kh1 Qh3+ 33. Kg1 Qg3+ 34. Kh1 Qh3+ 35. Kg1 Qg3+ $11) 31... Bd4 32. dxe4 {[%emt 0:00:03] [#] Nf3 would be deadly.} Ke7 33. Qa7+ Kf6 34. Nf3 (34. f4 Qe7 35. Qa1 (35. e5+ Kf7 $14) 35... Kg7 $16) 34... fxe4 $2 (34... Rxc6 35. Rxc6 (35. Qxd4+ Qxd4 36. Nxd4 Rxc1 $16) 35... Bxa7 36. Rxd6 fxe4) 35. Nxd4 {[%emt 0:00:01] White is clearly winning.} ({And not} 35. Bxe4 Bxb2 36. g4 g5 $11) 35... Qxd4 36. Rfd1 {[%emt 0:00:01][%mdl 64] [#] Deflection} Qe5 37. Qxb6 b3 {An entertaining game by Svidler.   Weighted Error Value: White=0.21 (precise) /Black=0.47} 1-0

[Event "Maharashtra Challenge Matches 2023"]
[Site "Nagpur"]
[Date "2023.06.05"]
[Round "10.1"]
[White "Sadhwani, Raunak"]
[Black "Short, Nigel D"]
[Result "1-0"]
[Annotator "TA"]
[ECO "A52"]
[WhiteElo "2627"]
[BlackElo "2597"]
[PlyCount "60"]
[EventDate "2023.06.03"]
[EventType "match"]
[EventCountry "IND"]
[SourceTitle "playchess.com"]
[Source "ChessBase"]
[SourceQuality "1"]
[TimeControl "180+2"]

1. d4 Nf6 2. c4 e5 3. dxe5 Ng4 4. e3 Nxe5 5. f4 Nec6 6. a3 {[%emt 0:00:03] A52: Budapest Gambit.} a5 {[%emt 0:00:01] [#]} 7. Nc3 $146 ({Predecessor:} 7. Nf3 Bc5 8. Bd3 d6 9. Nc3 Na6 10. O-O O-O 11. Kh1 Re8 12. Bc2 Ba7 13. Nd5 {0-1 Gordievsky,D (2474)-Nadanian,A (2428) Wch Blitz 7th 2013 (7)}) 7... Na6 8. Bd3 {[%emt 0:00:06] White has an edge.} b6 9. Nf3 Bb7 10. O-O g6 11. b3 Bg7 12. Bb2 O-O 13. Qc2 Nc5 14. Be2 d6 (14... Ne7 $11) 15. Nd5 $14 f6 ({Black should try} 15... Bxb2 $14 16. Qxb2 f5) 16. b4 $16 Nd7 17. Nd2 {[%emt 0:00:07] White is much more active.} ({White should play} 17. Qb3 $16) 17... Ne7 $14 18. Bf3 Bxd5 (18... c6 $14 19. Nxe7+ Qxe7) 19. Bxd5+ (19. cxd5 $16 b5 20. g3) 19... Nxd5 20. cxd5 f5 21. Bxg7 Kxg7 22. Nf3 Qe7 23. Ng5 $1 {[%emt 0:00:08] Ne6+ would be deadly.} Rfc8 (23... Qxe3+ $2 24. Kh1 Rae8 25. Qxc7 $18) (23... Rfe8 $14 {should be considered.}) 24. Ne6+ (24. e4 $16) 24... Kg8 25. e4 (25. Nxc7 $2 Ra7 26. Rac1 Qxe3+ 27. Qf2 Qxf2+ 28. Rxf2 Raxc7 $19) 25... fxe4 (25... Qf6 $14) 26. f5 $16 {[%emt 0:00:11] Strongly threatening fxg6.} (26. Nxc7 $2 {too greedy.} Nf6 27. Rac1 Ra7 $19) 26... axb4 27. Qxe4 gxf5 (27... Rf8 $16) 28. Qxb4 $2 ({Not} 28. Qxf5 bxa3 29. Rf3 Kh8 $11) (28. Rxf5 $18 {is the precise move to win.} Ne5 29. Qxb4) 28... Nc5 {[%emt 0:00:06] White is better.} 29. Rxf5 Ra4 30. Qc3 {[%emt 0:00:05] [#] Black must now prevent Rg5+.} Ra7 $2 {[%mdl 8192] Weighted Error Value: White=0.28 (precise) /Black=0.36} (30... Nxe6 $16 31. dxe6 Qg7 32. Qxg7+ Kxg7) 1-0